Map: World of Sleepers LE

Players

Raigekisai - Winner!

  • Race: Protoss Protoss
  • League: Bronze
  • Spawn Location: 1:00

TiPtOP

  • Race: Terran Terran
  • Spawn Location: 7:00

VOD

Have the link to the VOD?

Description

Time

  • Played on: Aug. 20, 2019, 6:41 p.m.
  • Length: 11:53
Show
View Real Time Build Order
Export as new Build Order

Raigekisai Protoss - Winner!

Build Orders:  

Get SALT Encoding   

  12  0:15  Probe  
  12  0:17  Pylon  
  13  0:23  Probe  
  14  0:38  Gateway  
  14  0:47  Forge  
  14  0:52  Assimilator  
  14  0:54  Probe  
  15  1:05  Probe  
  16  1:13  Probe  
  17  1:28  Cybernetics Core  
  17  1:33  Zealot  
  19  1:43  Pylon  
  19  1:49  Assimilator  
  19  1:53  Probe  
  20  1:55  Warp Gate  
  20  2:03  Gateway  
  20  2:05  Probe  
  21  2:17  Probe  
  22  2:32  Gateway  
  22  2:52  Robotics Facility  
  22  3:17  Protoss Ground Weapons Level 1  
  22  3:26  Gateway  
  22  3:45  Warp Prism  
  24  3:52  Nexus  
  24  4:25  Stargate  
  24  4:38  Twilight Council  
  24  5:00  Probe  
  24  5:03  Pylon  
  25  5:07  Pylon  
  25  5:08  Probe  
  26  5:17  Dark Shrine  
  26  5:18  Probe  
  26  5:20  Protoss Ground Weapons Level 2  
  27  5:21  Void Ray  
  31  5:30  Probe  
  32  5:42  Probe  
  33  5:51  Assimilator  
  33  5:53  Assimilator  
  33  5:54  Probe  
  34  6:06  Probe  
  35  6:18  Photon Cannon, Probe  
  36  6:30  Probe  
  37  6:33  Dark Templar  
  37  6:34  Dark Templar x2  
  39  6:49  Warp Prism  
  41  6:55  Stalker x2  
  41  7:08  Stargate, Probe  
  42  7:16  Probe  
  43  7:26  Probe  
  44  7:38  Probe  
  44  7:41  Void Ray x2  
  45  7:50  Probe  
  54  7:53  Nexus  
  54  8:03  Protoss Air Weapons Level 1  
  54  8:21  Dark Templar x2  
  54  8:22  Dark Templar  
  54  8:56  Dark Templar  
  54  8:57  Dark Templar x2  
  60  10:12  Dark Templar x2  
  60  10:13  Dark Templar  
  64  10:27  Dark Templar  
  60  10:45  Dark Templar x2  
  60  10:46  Dark Templar  
  60  11:21  Dark Templar  
  60  11:22  Dark Templar x2  
  60  11:23  Dark Templar  
Show
View Real Time Build Order
Export as new Build Order

TiPtOP Terran 

Build Orders: Mech 

Get SALT Encoding   

  12  0:01  SCV  
  13  0:14  SCV  
  14  0:21  Supply Depot  
  14  0:26  SCV  
  15  0:43  SCV  
  15  0:47  Barracks  
  16  0:55  SCV  
  17  1:07  SCV  
  17  1:08  Refinery  
  18  1:19  SCV  
  19  1:31  SCV  
  20  1:36  Supply Depot  
  20  1:44  Orbital Command  
  20  1:45  Marine  
  21  1:53  Command Center  
  21  2:14  Barracks Tech Lab  
  21  2:30  SCV  
  22  2:37  Factory  
  22  2:41  Refinery  
  22  2:56  SCV  
  22  3:40  Bunker, Siege Tank  
  25  3:49  SCV  
  25  3:54  Orbital Command  
  26  4:05  Command Center  
  26  4:12  Supply Depot  
  26  4:20  Siege Tank, Engineering Bay  
  29  4:25  SCV  
  30  4:37  SCV  
  30  4:38  SCV  
  32  4:49  Refinery, SCV  
  32  4:50  SCV  
  34  4:55  Missile Turret  
  34  5:03  Siege Tank  
  34  5:04  Factory  
  34  5:05  Factory, SCV  
  34  5:06  SCV  
  39  5:17  SCV  
  39  5:18  SCV  
  41  5:29  SCV  
  41  5:31  Supply Depot  
  42  5:40  Missile Turret  
  42  5:41  SCV  
  43  5:47  Siege Tank  
  43  5:49  Factory Tech Lab  
  46  5:50  Factory Reactor  
  46  5:52  SCV  
  46  5:53  Supply Depot  
  46  5:54  SCV  
  48  6:04  SCV  
  48  6:06  SCV  
  50  6:16  SCV  
  50  6:18  SCV  
  38  7:23  SCV x2  
  38  7:29  Missile Turret  
  40  7:35  SCV  
  41  7:44  Armory  
  41  7:46  Missile Turret  
  41  7:51  Missile Turret  
  41  8:02  Missile Turret  
  41  8:04  Missile Turret  
  41  8:13  Siege Tank  
  41  8:15  Hellion x2  
  41  8:17  Hellion  
  44  8:53  SCV  
  43  9:04  Orbital Command  
  43  9:05  SCV  
  21  9:46  SCV  
  22  9:54  Orbital Command  
  22  9:58  SCV  
  23  10:05  Thor  
  29  10:10  SCV  
  36  10:23  SCV  
  37  10:35  SCV  
  38  10:38  Supply Depot  
  34  10:44  Marine  
  34  10:47  Hellbat x2  
  34  10:48  Hellbat  
  35  11:02  Marine  
  36  11:10  Hellbat  
  24  11:28  SCV  
  24  11:30  SCV  
  22  11:40  SCV  
Tags
 
Composition
Mech
League
Bronze
Matchup
PvT
Spawn Locations
Cross Positions
Add a new tag
Caveats
  • Supply blocks, unpowered buildings, or Contaminate may cause inaccurate times.
  • Supply counts are checked every 10 seconds.